Map: Thunderbird LE

Players

ShaDoWn - Winner!

  • Race: Protoss Protoss
  • Spawn Location: 11:00

Vindicta

  • Race: Terran Terran
  • Spawn Location: 5:00

VOD

Have the link to the VOD?

Description

Time

  • Played on: Sept. 6, 2019, 9:23 p.m.
  • Length: 22:52
Show
View Real Time Build Order
Export as new Build Order

ShaDoWn Protoss - Winner!

Build Orders: 1 Gate Expand, Blink Stalkers, Colossus Rush 

Get SALT Encoding   

  12  0:00  Probe  
  13  0:12  Probe  
  14  0:18  Pylon  
  14  0:24  Probe  
  15  0:32  Probe  
  15  0:36  Gateway  
  15  0:40  Probe  
  16  0:46  Assimilator  
  17  0:52  Probe  
  18  1:04  Probe  
  19  1:16  Probe  
  20  1:23  Nexus  
  20  1:32  Cybernetics Core  
  20  1:35  Probe  
  21  1:40  Assimilator  
  22  1:47  Probe  
  22  1:52  Pylon  
  22  1:59  Probe  
  22  2:00  Adept  
  23  2:08  Warp Gate  
  23  2:11  Probe  
  26  2:23  Probe  
  27  2:30  Stalker  
  27  2:33  Probe  
  27  2:34  Twilight Council, Probe  
  30  2:41  Probe  
  30  2:42  Probe  
  30  2:49  Probe  
  30  2:51  Probe  
  34  3:00  Stalker  
  34  3:01  Probe  
  34  3:03  Probe  
  38  3:10  Blink  
  38  3:11  Probe  
  38  3:15  Probe  
  38  3:19  Probe  
  40  3:21  Pylon  
  41  3:27  Probe, Robotics Facility  
  41  3:28  Probe  
  43  3:36  Probe  
  43  3:39  Probe  
  45  3:41  Gateway  
  45  3:42  Gateway  
  45  3:44  Probe  
  46  3:49  Assimilator  
  46  3:51  Probe, Assimilator  
  46  3:54  Probe  
  47  3:55  Pylon  
  48  4:03  Probe, Stalker  
  48  4:06  Probe  
  48  4:07  Pylon  
  52  4:10  Observer  
  52  4:15  Probe  
  54  4:22  Robotics Bay  
  54  4:31  Nexus, Stalker  
  54  4:32  Observer, Probe  
  58  4:40  Probe  
  58  4:41  Stalker  
  61  4:46  Probe  
  61  4:48  Pylon  
  61  4:50  Stalker  
  65  4:52  Probe  
  65  4:53  Observer  
  65  4:58  Forge  
  66  5:01  Pylon  
  66  5:05  Probe  
  67  5:09  Probe  
  68  5:14  Charge  
  74  5:25  Pylon  
  74  5:26  Probe x2  
  74  5:27  Extended Thermal Lance  
  76  5:32  Protoss Ground Weapons Level 1  
  76  5:37  Probe x2  
  76  5:38  Colossus  
  76  5:40  Probe  
  78  5:45  Probe x2  
  78  5:48  Probe  
  81  5:53  Probe x2  
  82  5:58  Probe  
  82  5:59  Assimilator  
  82  6:01  Assimilator  
  82  6:04  Pylon, Probe  
  85  6:05  Probe  
  85  6:10  Probe  
  88  6:16  Probe  
  88  6:17  Probe  
  89  6:22  Probe  
  89  6:24  Gateway  
  90  6:27  Gateway  
  90  6:29  Probe  
  90  6:30  Gateway, Probe  
  90  6:31  Stalker x3  
  101  6:32  Gateway  
  101  6:34  Colossus  
  101  6:36  Probe  
  102  6:43  Observer  
  102  6:49  Gateway  
  102  6:50  Templar Archives  
  102  6:51  Pylon  
  102  6:53  Pylon  
  102  6:56  Forge  
  102  6:57  Pylon, Sentry  
  102  6:58  Sentry x2  
  108  7:01  Pylon  
  108  7:08  Nexus  
  108  7:12  Pylon  
  108  7:15  Colossus  
  108  7:22  Protoss Ground Weapons Level 2, Stalker x2  
  112  7:28  Pylon  
  118  7:32  Psionic Storm  
  118  7:33  Forge  
  118  7:35  Gravitic Drive  
  118  7:42  Probe x3  
  121  7:45  Pylon  
  121  7:47  Protoss Ground Armor Level 1  
  121  7:51  Gateway  
  121  7:52  Gateway  
  121  7:54  Zealot x4  
  121  7:57  Pylon  
  129  8:02  Warp Prism  
  129  8:06  Pylon  
  129  8:11  Stalker  
  129  8:12  Stalker  
  134  8:17  Probe  
  133  8:21  Probe  
  133  8:27  High Templar x4  
  133  8:29  Probe  
  133  8:30  Probe x2  
  133  8:31  Assimilator  
  133  8:32  Assimilator  
  144  8:34  Shield Battery  
  144  8:35  Shield Battery  
  144  8:37  Shield Battery  
  144  8:38  Photon Cannon  
  144  8:42  Photon Cannon  
  144  8:43  Shield Battery  
  144  8:46  Disruptor  
  144  8:51  High Templar x2  
  151  8:57  Zealot x4  
  151  8:58  Gateway  
  159  9:23  Warp Prism  
  152  9:27  Nexus  
  152  9:30  Stargate  
  154  9:35  Photon Cannon  
  154  9:36  Shield Battery  
  154  9:39  Protoss Ground Armor Level 2, Protoss Ground Weapons Level 3  
  154  9:41  High Templar x3  
  154  9:42  High Templar  
  160  9:50  Probe  
  161  9:54  High Templar  
  163  10:06  Disruptor  
  166  10:23  Pylon  
  166  10:24  Fleet Beacon  
  166  10:25  Oracle  
  166  10:26  Pylon  
  166  10:27  Stargate  
  169  10:35  Zealot x4  
  171  10:44  High Templar x2  
  171  10:49  Photon Cannon, Archon  
  175  10:51  Photon Cannon  
  175  10:52  Photon Cannon, Warp Prism  
  175  10:55  Shield Battery  
  175  11:01  Zealot x9  
  195  11:06  Pylon  
  195  11:10  High Templar x4  
  195  11:11  Zealot x2  
  193  11:12  Pylon  
  189  11:22  Archon x2  
  189  11:23  Zealot x2  
  189  11:24  Zealot x3  
  182  11:35  Zealot x2  
  184  11:42  Zealot x3  
  184  11:43  Zealot  
  184  11:44  Zealot x5  
  172  11:54  Tempest  
  125  12:03  Tempest  
  125  12:06  High Templar x4  
  125  12:07  Zealot x7  
  150  12:30  Zealot x5  
  150  12:31  Zealot x2  
  160  12:44  Tempest  
  152  12:46  Tempest  
  152  12:50  Protoss Shields Level 1  
  158  12:56  Nexus  
  158  12:59  Probe  
  159  13:06  Protoss Air Weapons Level 1, High Templar x2, Pylon  
  159  13:09  Pylon, High Templar  
  165  13:26  Shield Battery, Tempest  
  165  13:28  Disruptor  
  165  13:29  Shield Battery, Tempest  
  165  13:33  Pylon  
  178  13:38  Stalker x6  
  190  14:11  Pylon  
  184  14:19  Archon  
  184  14:21  Warp Prism, Pylon  
  182  14:26  High Templar x2  
  182  14:27  Zealot x6  
  182  14:28  Zealot x2  
  199  14:33  Archon  
  185  14:43  High Templar, Tempest  
  160  14:45  Archon  
  160  14:49  Zealot x2  
  160  14:50  Zealot x6  
  152  14:59  Tempest  
  139  15:00  Stalker  
  139  15:01  Stalker  
  135  15:11  Zealot x6  
  145  15:19  High Templar x2, Disruptor  
  145  15:20  High Templar  
  151  15:26  Unknown  
  151  15:27  High Templar x2  
  155  15:35  Robotics Facility  
  153  15:37  Dark Shrine, Unknown  
  153  15:38  Archon x2  
  153  15:40  Protoss Ground Armor Level 3  
  153  15:41  Protoss Shields Level 2  
  153  15:42  High Templar x2  
  157  15:43  Observer  
  157  15:47  Disruptor  
  157  15:48  Pylon  
  160  16:09  Zealot x3  
  160  16:10  Zealot  
  168  16:21  Photon Cannon  
  168  16:22  Photon Cannon  
  168  16:23  Disruptor  
  171  16:29  Disruptor  
  174  16:35  Photon Cannon  
  174  16:41  Shadow Stride  
  174  16:46  Oracle, Nexus  
  177  16:50  Photon Cannon  
  177  16:58  Disruptor  
  180  17:02  Dark Templar x5  
  180  17:03  Dark Templar  
  180  17:05  Dark Templar x3  
  180  17:06  Dark Templar x2  
  180  17:07  Zealot x4  
  198  17:12  Pylon  
  198  17:18  Assimilator  
  198  17:20  Assimilator  
  198  17:34  Pylon  
  188  17:49  Zealot x10  
  184  18:05  Probe  
  185  18:07  Photon Cannon  
  185  18:14  Photon Cannon  
  185  18:16  Photon Cannon  
  185  18:17  Photon Cannon, Probe  
  185  18:18  Probe  
  169  18:24  Probe x3  
  166  18:28  Zealot x3  
  166  18:29  Probe  
  166  18:30  Probe  
  170  18:42  Dark Templar x4  
  170  18:43  Zealot x3, Dark Templar  
  186  18:52  Photon Cannon  
  186  18:53  Probe  
  186  18:54  Probe  
  188  19:03  Observer, Warp Prism  
  188  19:05  Photon Cannon  
  191  19:16  Probe x2  
  193  19:23  Pylon  
  193  19:24  Observer  
  194  19:36  Pylon  
  194  19:40  Observer  
  194  19:54  Photon Cannon  
  171  20:07  Nexus  
  171  20:08  Zealot x8  
  171  20:09  Zealot x3  
  173  20:24  Disruptor  
  173  20:25  Pylon  
  166  20:33  Disruptor  
  150  20:36  High Templar x9  
  150  20:37  High Templar x2  
  150  20:40  Archon  
  150  20:41  Archon x4  
  172  20:46  Pylon  
  172  20:50  Archon  
  172  20:51  Immortal  
  172  21:00  Archon  
  170  21:06  Probe  
  170  21:07  Probe x3  
  170  21:09  Immortal  
  177  21:11  Photon Cannon  
  177  21:13  Zealot x5, Dark Templar x5  
  177  21:15  Probe, Assimilator  
  198  21:19  Assimilator  
  198  21:20  Probe  
  195  21:59  Photon Cannon  
  188  22:08  Dark Templar x6  
  188  22:09  Zealot x5  
  198  22:15  Nexus  
  198  22:23  Pylon x2  
  198  22:24  Probe  
  199  22:32  Pylon  
  183  22:43  Zealot x6  
  183  22:44  Zealot x4  
Show
View Real Time Build Order
Export as new Build Order

Vindicta Terran 

Build Orders: Reaper Expand, Mech 

Get SALT Encoding   

  12  0:00  SCV  
  13  0:12  SCV  
  14  0:16  Supply Depot  
  14  0:24  SCV  
  15  0:38  SCV  
  15  0:40  Barracks  
  16  0:44  Refinery  
  16  0:50  SCV  
  17  1:02  SCV  
  18  1:14  SCV  
  19  1:29  Orbital Command, Reaper  
  20  1:45  Command Center  
  20  1:55  Supply Depot, SCV  
  20  2:01  Marine  
  21  2:07  SCV  
  23  2:11  Factory  
  23  2:19  SCV  
  23  2:20  Refinery  
  23  2:22  Barracks Reactor  
  24  2:31  SCV  
  24  2:43  SCV  
  25  2:54  Widow Mine  
  25  2:55  SCV  
  25  2:57  Orbital Command  
  28  2:58  Marine x2  
  28  2:59  Armory  
  30  3:07  SCV  
  31  3:16  Marine x2  
  31  3:18  Starport  
  33  3:20  Factory Tech Lab  
  33  3:23  SCV  
  35  3:27  SCV  
  35  3:34  Marine x2  
  35  3:35  SCV  
  35  3:39  SCV  
  35  3:40  Widow Mine  
  41  3:42  Supply Depot  
  41  3:47  SCV  
  41  3:48  Drilling Claws  
  42  3:52  Marine x2  
  42  3:53  SCV  
  45  3:59  SCV  
  46  4:03  Medivac  
  46  4:04  Widow Mine  
  46  4:05  SCV  
  51  4:11  SCV  
  51  4:15  Supply Depot  
  51  4:16  Bunker  
  52  4:17  SCV  
  52  4:19  Marine  
  52  4:20  Liberator  
  54  4:37  SCV x2, Marine  
  62  4:39  Supply Depot  
  60  4:46  Marine  
  60  4:49  SCV  
  60  4:51  Supply Depot  
  62  5:00  Siege Tank, Command Center, SCV  
  62  5:01  Supply Depot  
  62  5:02  SCV  
  62  5:06  Marine x2  
  69  5:12  SCV  
  70  5:17  Barracks  
  70  5:18  Barracks  
  70  5:22  SCV  
  70  5:25  Starport Tech Lab  
  70  5:26  SCV  
  74  5:34  Siege Tank  
  74  5:35  SCV  
  68  5:38  Refinery x2, SCV  
  69  5:47  SCV  
  70  5:50  SCV  
  70  5:51  Marauder, Stimpack, Engineering Bay  
  70  5:54  Engineering Bay  
  72  5:59  SCV  
  72  6:02  SCV  
  72  6:03  Starport Reactor  
  72  6:04  Supply Depot  
  74  6:07  Barracks Tech Lab  
  74  6:09  Barracks  
  74  6:14  Orbital Command  
  74  6:15  Barracks  
  74  6:16  SCV x2  
  76  6:20  Marauder  
  76  6:22  Terran Infantry Armor Level 1, Terran Infantry Weapons Level 1  
  78  6:28  Marine x2  
  78  6:29  SCV  
  78  6:30  Combat Shield  
  78  6:31  Marine  
  82  6:37  SCV  
  82  6:38  Orbital Command  
  83  6:41  Marauder  
  83  6:43  Siege Tank  
  83  6:44  SCV  
  83  6:46  Marine  
  83  6:47  Marine  
  90  6:51  SCV  
  92  6:54  Medivac  
  92  6:56  SCV  
  92  6:57  Supply Depot  
  95  7:02  Medivac  
  95  7:03  SCV  
  95  7:04  SCV  
  95  7:06  Refinery  
  95  7:07  Barracks Tech Lab x2  
  99  7:08  Refinery, SCV  
  100  7:16  Marauder, SCV x2  
  100  7:21  Armory, SCV  
  100  7:22  Barracks Reactor  
  105  7:28  SCV x2  
  107  7:32  Siege Tank  
  107  7:33  SCV  
  107  7:34  Marine x3  
  107  7:36  Concussive Shells  
  114  7:37  Supply Depot  
  114  7:40  Supply Depot, Marauder  
  114  7:42  Marauder  
  117  7:51  Marine  
  117  7:52  Marauder  
  117  7:54  Factory x2, SCV  
  121  7:59  Marine x2  
  121  8:01  Marauder, SCV  
  121  8:02  SCV  
  121  8:03  Supply Depot x2, Marauder  
  129  8:09  Siege Tank  
  132  8:14  Marauder, SCV, Marine  
  132  8:16  SCV  
  132  8:18  Medivac x2  
  140  8:21  SCV  
  140  8:24  Terran Infantry Armor Level 2  
  140  8:25  Marauder, Marine x2  
  145  8:37  Terran Vehicle Weapons Level 1  
  145  8:39  Marine  
  145  8:40  Marine  
  146  8:41  Terran Infantry Weapons Level 2  
  146  8:42  Command Center  
  146  8:43  Factory Tech Lab  
  146  8:51  Marauder  
  146  8:52  Missile Turret, Factory Tech Lab  
  146  8:53  Missile Turret x3  
  146  8:54  Marine  
  149  8:56  Marine  
  149  8:59  Supply Depot  
  149  9:02  Ghost Academy  
  150  9:04  Siege Tank  
  150  9:08  Marauder  
  155  9:20  Siege Tank  
  161  9:27  Marine  
  161  9:28  Marauder  
  161  9:31  Marauder, Marine  
  160  9:38  Supply Depot, Siege Tank, Enhanced Shockwaves  
  168  9:40  Supply Depot  
  167  9:48  Ghost  
  167  9:50  Siege Tank  
  167  9:52  Marine  
  159  9:53  Marauder  
  159  9:56  Marine x3  
  159  9:59  Siege Tank  
  168  10:01  Barracks x2  
  168  10:09  Refinery  
  168  10:10  Siege Tank  
  168  10:12  Missile Turret x2  
  169  10:15  Refinery  
  169  10:16  Planetary Fortress  
  169  10:17  Ghost  
  169  10:19  Missile Turret  
  171  10:28  Ghost  
  171  10:31  Siege Tank  
  175  10:39  Ghost  
  177  10:46  Ghost  
  179  10:51  SCV  
  179  10:53  Armory  
  179  10:56  Ghost  
  180  10:59  SCV, Marine x3  
  186  11:07  Marine  
  186  11:08  Marauder  
  187  11:12  Siege Tank  
  187  11:15  Marine  
  187  11:17  Marine x2  
  189  11:21  Marine  
  189  11:24  Barracks Tech Lab x2, Marine  
  182  11:26  Marauder  
  182  11:28  Ghost  
  182  11:30  SCV x2  
  188  11:33  Marauder  
  188  11:34  SCV  
  188  11:35  Command Center  
  189  11:42  Marine x2  
  189  11:43  Marauder, SCV  
  189  11:46  Ghost  
  179  11:56  Marauder, Marine  
  179  11:57  Marine  
  179  12:00  Marine x2  
  145  12:04  Marauder  
  145  12:05  Siege Tank  
  147  12:09  Terran Infantry Weapons Level 3  
  147  12:15  SCV  
  142  12:17  Thor  
  142  12:19  Thor  
  142  12:20  SCV  
  153  12:23  Marine  
  153  12:24  Marine x2  
  153  12:25  Marauder  
  153  12:26  Marine  
  153  12:27  Marine  
  157  12:31  Marine  
  157  12:35  Marine  
  157  12:36  Marauder  
  161  12:43  Siege Tank  
  152  12:46  Marine  
  152  12:47  Marauder x2, Marine  
  157  12:52  Medivac x2  
  161  12:59  Marauder, Marine  
  161  13:00  Marauder, Siege Tank  
  161  13:01  Terran Vehicle Weapons Level 2  
  161  13:02  Siege Tank  
  172  13:07  Terran Infantry Armor Level 3  
  172  13:08  Marine  
  172  13:11  Marine  
  174  13:13  Marine x2  
  174  13:15  Sensor Tower  
  174  13:17  Marine  
  177  13:23  Siege Tank  
  177  13:26  Planetary Fortress  
  182  13:28  SCV x3  
  182  13:29  SCV  
  182  13:32  Marine  
  185  13:35  Marine  
  185  13:36  Personal Cloaking  
  185  13:37  Liberator x2, Marine  
  184  13:47  Thor  
  188  13:50  Marine  
  188  13:51  Marauder, Marine  
  188  13:52  Refinery x2, Missile Turret  
  193  14:10  Marine  
  193  14:11  Marauder  
  193  14:12  Ghost  
  193  14:14  SCV  
  193  14:15  Thor  
  193  14:20  SCV  
  193  14:21  Marine x2  
  199  14:25  Marine  
  199  14:28  SCV x2  
  199  14:29  SCV  
  195  14:34  Siege Tank  
  195  14:37  Medivac x2  
  161  14:56  Marine x2  
  161  14:58  Thor  
  161  14:59  Marauder, Marine  
  150  15:01  SCV  
  150  15:05  Marauder, Marine  
  144  15:11  Marine  
  144  15:12  Marauder x2  
  144  15:14  SCV x2, Marine x2  
  140  15:18  SCV x2  
  136  15:23  Thor  
  136  15:24  Nuke  
  130  15:37  SCV x2  
  133  15:45  Marine x4  
  133  15:46  Marauder x2  
  133  15:47  Marine  
  141  15:50  Marauder, Command Center  
  143  15:58  Orbital Command  
  143  16:03  Marine x4  
  147  16:09  Barracks Tech Lab  
  150  16:13  Sensor Tower  
  150  16:17  Siege Tank, Armory  
  152  16:19  Viking x2  
  152  16:23  Marauder, Marine  
  157  16:26  Ghost  
  156  16:33  Ghost Academy  
  156  16:39  Bunker  
  156  16:40  Ghost  
  156  16:41  Bunker  
  156  16:45  Ghost  
  161  16:47  Ghost  
  161  16:49  SCV  
  161  16:50  SCV  
  161  16:51  SCV  
  165  16:54  Ghost  
  165  16:57  SCV  
  168  17:01  SCV  
  168  17:02  Missile Turret, SCV  
  168  17:03  Nuke  
  168  17:07  Ghost  
  172  17:08  Ghost  
  172  17:14  Marine  
  172  17:15  Marauder  
  177  17:18  SCV  
  177  17:21  Refinery  
  177  17:22  Refinery, Marine x2  
  182  17:23  Missile Turret  
  182  17:28  Thor  
  186  17:31  Terran Vehicle Weapons Level 3  
  179  17:39  Marauder, Marine x2  
  179  17:42  SCV, Marine  
  179  17:43  Marine  
  169  17:44  Marauder  
  169  17:48  Marine x2  
  166  17:52  SCV  
  166  17:56  Marine, Missile Turret  
  168  18:03  Nuke  
  168  18:04  Refinery  
  167  18:05  SCV  
  167  18:06  SCV x3  
  170  18:18  SCV x3  
  170  18:19  SCV  
  174  18:21  Nuke  
  172  18:30  Supply Depot, SCV x2  
  172  18:31  Supply Depot  
  173  18:39  Bunker, Marine x2  
  173  18:40  Bunker, Marine  
  178  18:45  Thor  
  179  18:48  Supply Depot  
  179  18:51  Supply Depot  
  181  18:58  Thor  
  183  19:06  Marine  
  183  19:08  Command Center, Marine  
  179  19:11  Ghost  
  179  19:15  Siege Tank  
  184  19:20  Viking  
  184  19:23  Viking  
  190  19:29  Siege Tank  
  190  19:30  Supply Depot  
  193  19:32  Nuke x2  
  193  19:34  Marauder, Marine  
  192  19:39  Marine x2  
  194  19:47  Thor  
  200  19:59  SCV  
  193  20:05  Thor  
  172  20:07  Thor  
  172  20:08  Marine  
  172  20:11  Orbital Command, Marine, SCV  
  161  20:15  Marine  
  161  20:16  Marine  
  162  20:21  Marine x2  
  162  20:24  Marine  
  160  20:29  Thor, SCV  
  160  20:30  SCV  
  160  20:32  SCV  
  154  20:40  Ghost  
  157  20:48  Ghost  
  158  20:53  Ghost  
  160  21:03  Ghost  
  160  21:04  SCV x2  
  150  21:09  Ghost  
  150  21:11  Marine  
  153  21:12  Marine  
  153  21:14  Marine  
  155  21:19  SCV x2  
  157  21:27  Orbital Command, Ghost  
  159  21:34  SCV  
  159  21:35  Ghost  
  160  21:40  Marine  
  160  21:44  Thor  
  147  21:47  Nuke  
  147  21:48  SCV  
  147  21:49  Marine  
  147  21:50  Orbital Command  
  147  21:51  SCV  
  139  22:03  Marine x2  
  139  22:07  SCV  
  133  22:10  Marauder  
  133  22:13  SCV  
  135  22:16  SCV  
  135  22:20  Marine  
  136  22:24  Marine  
  135  22:32  SCV  
Tags
 
Add a new tag
Caveats
  • Supply blocks, unpowered buildings, or Contaminate may cause inaccurate times.
  • Supply counts are checked every 10 seconds.